 Dungeon Crawl Stone Soup version 0.24.0-123-gd5b16e6ec5 (webtiles) character file.

Game seed: 14748125245082112200, levelgen mode: deterministic

330 Legadrian the Changer (level 6, 0/59 HPs)
             Began as a Troll Transmuter on Feb 12, 2020.
             Succumbed to an adder's poison
             ... on level 3 of the Dungeon on Feb 13, 2020.
             The game lasted 00:10:42 (1684 turns).

Legadrian the Changer (Troll Transmuter)            Turns: 1684, Time: 00:10:42

Health: 0/59       AC:  9    Str: 19      XL:     6   Next: 26%
Magic:  7/7        EV: 10    Int: 10 (11) God:
Gold:   54         SH:  0    Dex:  9 (10) Spells: 1/7 levels left

rFire    + + .     SeeInvis .     - Unarmed
rCold    . . .     Gourm    +   (no shield)
rNeg     . . .     Faith    .   (armour restricted)
rPois    .         Spirit   .   (helmet restricted)
rElec    .         Reflect  .   (no cloak)
rCorr    .         Harm     .   (gloves unavailable)
MR       .....                  (boots unavailable)
Stlth    +.........             (no amulet)
HPRegen  0.59/turn              c - ring of wizardry
MPRegen  0.10/turn              e - +5 ring of protection

@: lethally poisoned (0 -> 0)
A: large, unfitting armour, claws 3, fangs 1, deterioration 1, fire resistance
2, fast metabolism 3, gourmand, high mp 1, regeneration 1, robust 1, shaggy fur
1, tough skin 3
a: no special abilities


You were on level 3 of the Dungeon.
You were hungry.

You visited 1 branch of the dungeon, and saw 3 of its levels.

You collected 54 gold pieces.

Inventory:

Hand Weapons
 l - a +4 quarterstaff of chaos
Missiles
 a - 12 arrows
 g - 40 sling bullets
 h - 60 stones (quivered)
 j - 8 bolts
Armour
 b - a +0 robe
Jewellery
 c - a ring of wizardry (left claw)
 e - a +5 ring of protection (right claw)
Wands
 k - a wand of paralysis (4)
Scrolls
 f - a scroll of remove curse
 i - a scroll of teleportation {unknown}
Comestibles
 d - 6 rations


   Skills:
 - Level 0.7 Fighting
 - Level 1.5 Dodging
 - Level 3.3 Unarmed Combat
 - Level 1.2 Spellcasting
 + Level 4.9 Transmutations


You had one spell level left.
You knew the following spells:

 Your Spells              Type           Power        Failure   Level  Hunger
a - Beastly Appendage     Tmut           ##....       1%          1    ##.....
b - Sticks to Snakes      Tmut           ##......     2%          2    ###....
c - Spider Form           Tmut/Pois      #.........   16%         3    ####...

Your spell library contained the following spells:

 Spells                   Type           Power        Failure   Level  Hunger
 Ice Form                 Ice/Tmut       #.......     43%         4    #####..
 Blade Hands              Tmut           ##........   43%         5    ######.


Dungeon Overview and Level Annotations

Branches:
Dungeon (3/15)

Altars:


Innate Abilities, Weirdness & Mutations

You are too large for most types of armour.
You have claws for hands.
Your metabolism is lightning-fast.
You like to eat raw meat.
Your natural rate of healing is unusually fast.
You are covered in fur. (AC +1)
You have extremely tough skin. (AC +3)
You have very sharp teeth.
Your body sometimes deteriorates upon taking damage.
Your flesh is very heat resistant. (rF++)
You have an increased reservoir of magic. (+10% MP)
You are robust. (+10% HP)


Message History

The ball python bites something but does no damage.
The ball python constricts something.
The adder bites you.
* * * LOW HITPOINT WARNING * * *
You feel sick.
The ball python constricts something.
The adder bites you but does no damage.
The ball python bites something but does no damage.
The ball python constricts something.
You feel sick. The adder closely misses you.
The ball python constricts something.
You feel sick. The adder bites you.
* * * LOW HITPOINT WARNING * * *
The ball python bites something but does no damage.
The ball python constricts something.
The adder bites you but does no damage.
The ball python constricts something.
The ball python bites something but does no damage.
The ball python constricts something.
The adder misses you.
* * * LOW HITPOINT WARNING * * *
You feel sick. The adder bites you but does no damage.
The ball python constricts something. x2
You die...

#########
#...@SSS#
#.####SSS...
#.# #.%..
#.# .#. #.#
### #.#
###.#######
#.#
#..#......#
#.#
#.#.#####.#
#.# #.#.#
#.#######


You could see an adder and 5 ball pythons.

Vanquished Creatures
  Grinder (D:3)
  Crazy Yiuf (D:3)
  Ijyb (D:3)
  3 adders
  2 worms (D:3)
  A dart slug (D:3)
  2 leopard geckos
  An orc (D:3)
  A giant cockroach (D:2)
  4 goblins
  5 hobgoblins
  2 jackals (D:3)
  6 kobolds
  A quokka (D:3)
  2 ball pythons (D:3)
  3 bats (D:1)
  7 frilled lizards
  4 rats
47 creatures vanquished.

Vanquished Creatures (others)
  A plant (D:3)
1 creature vanquished.

Grand Total: 48 creatures vanquished

Notes
Turn   | Place    | Note
-------+----------+-------------------------------------------
     0 | D:1      | Legadrian the Troll Transmuter began the quest for the Orb.
     0 | D:1      | Reached XP level 1. HP: 18/18 MP: 1/1
   187 | D:1      | Reached XP level 2. HP: 26/26 MP: 2/2
   455 | D:1      | Reached skill level 2 in Transmutations
   630 | D:1      | You fall into a shaft and drop 1 floor!
   640 | D:2      | Reached XP level 3. HP: 32/32 MP: 3/3
   650 | D:3      | Noticed Ijyb
   673 | D:3      | Paralysed by Ijyb for 4 turns
   683 | D:3      | Paralysed by Ijyb for 5 turns
   696 | D:3      | Killed Ijyb
   696 | D:3      | Reached skill level 3 in Transmutations
   704 | D:3      | Gained mutation: You are resistant to hostile enchantments.
                  | (MR+) [potion of mutation]
   704 | D:3      | Gained mutation: You are clumsy. (Dex -2) [potion of
                  | mutation]
   704 | D:3      | Gained mutation: You have an increased reservoir of magic.
                  | (+10% MP) [potion of mutation]
   705 | D:3      | Lost mutation: You are clumsy. (Dex -2) [potion of
                  | mutation]
   705 | D:3      | Lost mutation: You are resistant to hostile enchantments.
                  | (MR+) [potion of mutation]
   705 | D:3      | Gained mutation: Your flesh is heat resistant. (rF+)
                  | [potion of mutation]
   705 | D:3      | Gained mutation: You possess an exceptional clarity of
                  | mind. [potion of mutation]
   705 | D:3      | Gained mutation: Armour fits poorly on your strangely
                  | shaped body. [potion of mutation]
   705 | D:3      | Gained mutation: You have very sharp teeth. [potion of
                  | mutation]
   706 | D:3      | Lost mutation: You possess an exceptional clarity of mind.
                  | [potion of mutation]
   706 | D:3      | Lost mutation: Armour fits poorly on your strangely shaped
                  | body. [potion of mutation]
   706 | D:3      | Gained mutation: Your body sometimes deteriorates upon
                  | taking damage. [potion of mutation]
   706 | D:3      | Gained mutation: Your flesh is very heat resistant. (rF++)
                  | [potion of mutation]
   706 | D:3      | Gained mutation: You are robust. (+10% HP) [potion of
                  | mutation]
   718 | D:3      | Learned a level 2 spell: Sticks to Snakes
   793 | D:3      | Reached XP level 4. HP: 26/44 MP: 5/5
   935 | D:3      | Noticed Grinder
   991 | D:3      | Killed Grinder
   991 | D:3      | Reached skill level 4 in Transmutations
   991 | D:3      | Reached XP level 5. HP: 37/50 MP: 6/6
   991 | D:3      | Reached XP level 6. HP: 43/59 MP: 7/7
  1110 | D:3      | Learned a level 3 spell: Spider Form
  1432 | D:3      | Found a runed translucent door.
  1433 | D:3      | Noticed Crazy Yiuf
  1438 | D:3      | Killed Crazy Yiuf
  1681 | D:3      | HP: 1/59 [adder (5)]
  1684 | D:3      | Succumbed to an adder's poison

Levels and vault maps discovered:
D:1:      zelgadis_glass_arrival_small, layout_basic, serial_bayou_ford_a,
          kennysheep_another_room, minmay_split_cup_small
D:2:      layout_basic, first_ration, bh_chokoban, uniq_jessica, uniq_robin
D:3:      layout_loops_ring, minmay_shallow_snake_nest, uniq_ijyb, uniq_grinder,
          uniq_crazy_yiuf_cottage

Skill      XL: |  1  2  3  4 |
---------------+-------------+-----
Transmutations | 2 3 4 |  4.9
Fighting       | |  0.7
Dodging        | |  1.5
Unarmed Combat | |  3.3
Spellcasting   | |  1.2

Action                   |  1- 3 |  4- 6 || total
-------------------------+-------+-------++-------
Melee: Unarmed           |   113 |    53 ||   166
       Punch             |     1 |       ||     1
       Bite              |     1 |     3 ||     4
       Headbutt          |       |     6 ||     6
       Kick              |       |     1 ||     1
 Cast: Beastly Appendage |       |     4 ||     4
  Use: Potion            |     4 |     2 ||     6
       Scroll            |     1 |     1 ||     2
 Stab: Sleeping          |     1 |       ||     1
  Eat: Chunk             |     7 |     5 ||    12
Armor: Robe              |    39 |    54 ||    93
       Skin              |       |    27 ||    27
Dodge: Dodged            |    52 |    82 ||   134
